 Dungeon Crawl Stone Soup version 0.31-a0-229-g1fc7ce93e2 (webtiles) character file.

Game seed: 17963121689432719860

45 qw the Shooter (level 3, 0/21 HPs)
             Began as a Gargoyle Hexslinger on July 6, 2023.
             Slain by Sigmund
             ... wielding a +0 scythe
              (6 damage)
             ... on level 2 of the Dungeon.
             The game lasted 00:00:27 (930 turns).

qw the Shooter (Gargoyle Hexslinger)                 Turns: 930, Time: 00:00:28

Health: 0/21       AC:  6    Str: 10 (11) XL:     3   Next: 64%
Magic:  4/4        EV: 11    Int: 11 (13) God:
Gold:   112        SH:  0    Dex: 11 (14) Spells: 3/4 levels left

rFire   . . .        Y - +1 sling
rCold   . . .        (no shield)
rNeg    + . .        e - +0 leather armour
rPois   inf          (no helmet)
rElec   +            (no cloak)
rCorr   .            (no gloves)
SInv    .            (no boots)
Will    .....        (no amulet)
Stlth   +            (no ring)
HPRegen 0.23/turn    (no ring)
MPRegen 0.09/turn

%: no passive effects
@: no status effects
A: sickness immunity, AC +3, negative energy resistance 1, electricity
resistance, torment resistance 1, petrification resistance
a: no special abilities


You were on level 2 of the Dungeon.
You visited 1 branch of the dungeon, and saw 2 of its levels.

You collected 112 gold pieces.


Innate Abilities, Weirdness & Mutations

You are immune to sickness and miasma.
Your stone body is resilient. (AC +3)
You are immune to poison.
You resist negative energy. (rN+)
You are resistant to electric shocks. (rElec)
You are resistant to unholy torment.
You are immune to petrification.


   Skills:
 - Level 2.3 Fighting
 + Level 3.3 Ranged Weapons
 - Level 1.5 Dodging
 - Level 1.0 Spellcasting
 - Level 2.6 Hexes


You had 3 spell levels left.
You knew the following spells:

 Your Spells              Type           Power      Damage    Failure   Level
a - Slow                  Hex            24%        N/A       14%         1

Your spell library contained the following spells:

 Spells                   Type           Power      Damage    Failure   Level
 Inner Flame              Hex/Fire       3%         N/A       58%         3
 Portal Projectile        Hex/Tloc       6%         N/A       58%         3
 Cause Fear               Hex            3%         N/A       82%         4

Inventory:

Hand Weapons
 Y - a +1 sling (weapon)
Armour
 e - a +0 leather armour (worn)
Scrolls
 c - a scroll of vulnerability {unknown}
Potions
 a - a potion of curing {unknown}
 b - a potion of attraction {unknown}
 h - a potion of heal wounds

Dungeon Overview and Level Annotations

Branches:
Dungeon (2/15)

Altars:

Annotations:
D:2 Sigmund


Message History

Sigmund is moderately wounded.
Sigmund points at you and mumbles some strange words.
The puff of flame hits you!
916 ||| FLEEEEING.
There is an open door here.
Enter note:
917 ||| STILL FLEEEEING.
Enter note:
918 ||| STILL FLEEEEING.
Enter note:
919 ||| STILL FLEEEEING.
Enter note: You shoot a sling bullet.
The sling bullet hits Sigmund but does no damage.
Sigmund is lightly wounded.
Sigmund gestures wildly while chanting.
Sigmund flickers and vanishes!
Deactivating autopickup; reactivate with Ctrl-A.
921 ||| STILL FLEEEEING.
Enter note:
922 ||| STILL FLEEEEING.
You are confused.
Enter note:
Enter note: You shoot a sling bullet.
You shoot a sling bullet. You shoot a sling bullet.
A magic dart appears from out of thin air!
The magic dart hits you but does no damage.
You shoot a sling bullet. You shoot a sling bullet.
Something hits you but does no damage.
You shoot a sling bullet.
You feel less confused. Something hits you.
You shoot a sling bullet. Something hits you!
You shoot a sling bullet. Something hits you.
You die...

#############@# #.#
#...........##.# #.#
#...........##.# #.#
#...........##.# #.#
#...........##.######.#
+...........'........>##
#.........$.##.#..#.....
.........{...#.##.#.####
.......@####.#.#....#8.8
...........#.#...8###...
.........#.#.###..'..._.
.........#+#.###.8###...
.............#......#8.8
######.#.....#.####.####
#.#.....#.# #.....
#.#..%..#.# ###.##
#.#.#.....# ##...


There were no monsters in sight!

Vanquished Creatures
  2 adders (D:2)
  2 dart slugs (D:1)
  A ball python (D:2)
  An endoplasm (D:1)
  A giant cockroach (D:1)
  4 goblins
  2 hobgoblins (D:1)
  A kobold (D:1)
  A quokka (D:1)
  3 bats
  5 frilled lizards
  A rat (D:1)
24 creatures vanquished.

Notes
Turn   | Place    | Note
-------+----------+-------------------------------------------
     0 | D:1      | qw the Gargoyle Hexslinger began the quest for the Orb.
     0 | D:1      | Reached XP level 1. HP: 12/12 MP: 2/2
     0 | D:1      | 0 ||| qw: Version: 0.3-a-46-gb1f654a
     0 | D:1      | 0 ||| qw: Game counter: 1720
     0 | D:1      | 0 ||| qw: Melee chars always use a shield: true
     0 | D:1      | 0 ||| qw: God list: Okawaru
     0 | D:1      | 0 ||| qw: Allow faded altars: false
     0 | D:1      | 0 ||| qw: Do Orc after clearing Dungeon:15 true
     0 | D:1      | 0 ||| qw: Do second Lair branch before Depths: true
     0 | D:1      | 0 ||| qw: Lair rune preference: random
     0 | D:1      | 0 ||| qw: Goals: Normal
     0 | D:1      | 0 ||| PLANNING D:1-11
    86 | D:1      | Reached XP level 2. HP: 16/16 MP: 3/3
   390 | D:1      | Reached skill level 3 in Ranged Weapons
   633 | D:1      | 633 ||| UPGRADING to +0 leather armour.
   643 | D:1      | 643 ||| DROPPING +0 robe.
   644 | D:1      | 644 ||| READING scroll labelled QIAK MUASAC.
   647 | D:1      | 647 ||| READING scroll labelled TIRHISOILI.
   648 | D:1      | 648 ||| READING scroll labelled TOZ MUTAYCKA.
   649 | D:1      | 649 ||| DRINKING 2 glowing red potions.
   650 | D:1      | 650 ||| DRINKING 2 purple potions.
   651 | D:1      | 651 ||| DROPPING scroll of poison.
   652 | D:1      | 652 ||| DROPPING potion of degeneration.
   741 | D:2      | Reached XP level 3. HP: 20/21 MP: 4/4
   870 | D:2      | Found a faded altar of an unknown god.
   913 | D:2      | Noticed Sigmund
   916 | D:2      | 916 ||| FLEEEEING.
   929 | D:2      | HP: 5/21 [something (10)]
   930 | D:2      | Slain by Sigmund

Levels and vault maps discovered:
D:1:      dpeg_arrival_pond, layout_basic
D:2:      layout_basic, dreamdust_ecumenical_altar_angels_and_demons,
          uniq_crazy_yiuf_cottage, uniq_sigmund

Skill      XL: |  1  2 |
---------------+-------+-----
Ranged Weapons | 3 |  3.3
Fighting       | 2 |  2.3
Dodging        | |  1.5
Spellcasting   | |  1.0
Hexes          | |  2.6

Action                     || total
---------------------------++-------
   Fire: Sling             ||   118
    Use: Scroll            ||     3
         Potion            ||     2
 Armour: Robe              ||    12
         Leather armour    ||    22
  Dodge: Dodged            ||    47

Table legend:
 A = Non-vault XP
 B = Vault XP
 C = Vault XP percentage of total XP
 D = Non-vault monster count
 E = Vault monster count
 F = Vault count percentage of total count
                 A         B        C        D         E       F
            +---------+---------+-------+---------+---------+-------
      Total |      65 |       0 |   0.0 |      24 |       0 |   0.0
            +---------+---------+-------+---------+---------+-------
        D:1 |      31 |       0 |   0.0 |      17 |       0 |   0.0
        D:2 |      34 |       0 |   0.0 |       7 |       0 |   0.0
            +---------+---------+-------+---------+---------+-------
